2890 views
Uploaded 2019-12-01 21:07:46
Game version 1.32.0.3 / 1.32.0.3.1
26:39 long 3on3 ladder game on (6)Monsoon_LV
Saved by BEARAND
2890 views
Uploaded 2019-12-01 21:07:46
Game version 1.32.0.3 / 1.32.0.3.1
26:39 long 3on3 ladder game on (6)Monsoon_LV


83 units @ 7.2k
/ 0.6k
209 buildings @ 18.2k
/ 9.6k

| Lesser Clarity Potion | 5 | 350 |
| Healing Salve | 3 | 300 |
| Scroll of Speed | 1 | 50 |
| Orb of Lightning | 1 | 375 |
| Boots of Speed | 1 | 250 |
| Staff of Teleportation | 2 | 300 |
| total: | 13 | 1625g |
| Peon | 31 | 2325 | / | 0 |
| Troll Batrider | 15 | 2400 | / | 600 |
| total: | 46 | 4725g | / | 600w |
| Watch Tower | 61 | 6710 | / | 4880 |
| Altar of Storms | 1 | 180 | / | 50 |
| Orc Burrow | 3 | 480 | / | 120 |
| Voodoo Lounge | 4 | 520 | / | 120 |
| War Mill | 2 | 410 | / | 0 |
| Great Hall | 1 | 385 | / | 185 |
| Beastiary | 4 | 580 | / | 560 |
| Stronghold | 1 | 315 | / | 190 |
| Fortress | 1 | 325 | / | 190 |
| total: | 76 | 9265g | / | 5915w |
| 0:02 | Peon |
| 0:02 | Peon |
| 0:07 | Altar of Storms |
| 0:10 | Orc Burrow |
| 0:14 | Peon |
| 0:33 | Peon |
| 0:49 | Voodoo Lounge |
| 0:58 | Peon |
| 1:06 | Peon |
| 1:17 | War Mill |
| 1:20 | Peon |
| 1:30 | Peon |
| 1:43 | Orc Burrow |
| 1:50 | Peon |
| 1:58 | Peon |
| 2:07 | Wind Walk |
| 2:10 | Lesser Clarity Potion |
| 2:10 | Lesser Clarity Potion |
| 2:10 | Healing Salve |
| 2:28 | Peon |
| 2:30 | Watch Tower |
| 2:49 | Peon |
| 2:49 | Peon |
| 2:53 | Watch Tower |
| 3:02 | Peon |
| 3:09 | Watch Tower |
| 3:34 | Watch Tower |
| 3:54 | Voodoo Lounge |
| 4:04 | Voodoo Lounge |
| 4:17 | Stronghold |
| 4:30 | Watch Tower |
| 4:39 | Watch Tower |
| 4:59 | Watch Tower |
| 5:03 | Watch Tower |
| 5:23 | Watch Tower |
| 5:25 | Watch Tower |
| 5:40 | Watch Tower |
| 5:58 | Critical Strike |
| 6:31 | Watch Tower |
| 6:46 | Great Hall |
| 6:49 | Peon |
| 6:49 | Peon |
| 6:52 | Watch Tower |
| 6:55 | Lesser Clarity Potion |
| 6:59 | Healing Salve |
| 7:09 | Watch Tower |
| 7:35 | Watch Tower |
| 7:38 | Peon |
| 7:56 | Watch Tower |
| 8:01 | Watch Tower |
| 8:18 | Watch Tower |
| 8:33 | Reinforced Defenses |
| 9:08 | Fortress |
| 9:21 | Voodoo Lounge |
| 9:25 | Watch Tower |
| 9:27 | Peon |
| 9:27 | Peon |
| 9:27 | Peon |
| 9:45 | Peon |
| 9:46 | Lesser Clarity Potion |
| 9:46 | Healing Salve |
| 9:49 | Scroll of Speed |
| 10:04 | Watch Tower |
| 10:06 | Watch Tower |
| 10:19 | Boots of Speed |
| 10:24 | Staff of Teleportation |
| 10:24 | Staff of Teleportation |
| 10:34 | Watch Tower |
| 10:37 | Watch Tower |
| 11:16 | Watch Tower |
| 11:19 | Watch Tower |
| 11:54 | Beastiary |
| 11:55 | Beastiary |
| 11:56 | Beastiary |
| 11:58 | Beastiary |
| 12:00 | Watch Tower |
| 12:00 | Watch Tower |
| 12:01 | Watch Tower |
| 12:01 | Watch Tower |
| 12:06 | Wind Walk |
| 12:10 | Orc Burrow |
| 12:12 | Peon |
| 12:12 | Peon |
| 12:30 | Watch Tower |
| 12:46 | Watch Tower |
| 12:50 | Watch Tower |
| 12:53 | Peon |
| 12:53 | Peon |
| 12:53 | Peon |
| 13:26 | Peon |
| 13:31 | Watch Tower |
| 13:31 | Watch Tower |
| 13:54 | Peon |
| 13:55 | Peon |
| 13:55 | Peon |
| 14:16 | Troll Batrider |
| 14:22 | Orb of Lightning |
| 14:27 | Watch Tower |
| 14:27 | Watch Tower |
| 14:28 | Watch Tower |
| 14:32 | Peon |
| 14:56 | Watch Tower |
| 14:56 | Watch Tower |
| 15:02 | Troll Batrider |
| 15:29 | Troll Batrider |
| 15:44 | Watch Tower |
| 15:46 | Watch Tower |
| 15:46 | Watch Tower |
| 15:57 | Watch Tower |
| 16:10 | Troll Batrider |
| 16:14 | Liquid Fire |
| 16:29 | Troll Batrider |
| 16:41 | War Mill |
| 16:42 | Steel Ranged Weapons |
| 17:02 | Troll Batrider |
| 17:03 | Troll Batrider |
| 17:10 | Watch Tower |
| 17:13 | Watch Tower |
| 17:41 | Lesser Clarity Potion |
| 18:08 | Critical Strike |
| 18:19 | Troll Batrider |
| 19:19 | Troll Batrider |
| 19:20 | Thorium Ranged Weapons |
| 19:20 | Steel Armor |
| 19:29 | Wind Walk |
| 19:51 | Watch Tower |
| 19:51 | Watch Tower |
| 19:53 | Watch Tower |
| 19:53 | Watch Tower |
| 19:54 | Watch Tower |
| 19:57 | Watch Tower |
| 19:57 | Watch Tower |
| 19:59 | Watch Tower |
| 20:50 | Troll Batrider |
| 20:53 | Arcanite Ranged Weapons |
| 21:15 | Bladestorm |
| 21:41 | Troll Batrider |
| 21:43 | Troll Batrider |
| 21:50 | Watch Tower |
| 24:07 | Troll Batrider |
| 24:10 | Troll Batrider |
| 25:59 | Critical Strike |
| 26:27 | Troll Batrider |
| 26:41 | Watch Tower |
| 26:42 | Watch Tower |
| 26:43 | Watch Tower |
| 26:43 | Watch Tower |
| 26:44 | Watch Tower |
| 26:45 | Watch Tower |
| 26:46 | Watch Tower |
| Right click | 1485 |
| Select group | 465 |
| Select | 239 |
| Build/train/purchase | 164 |
| Chat | 130 |
| Misc. action | 50 |
| Use ability | 50 |
| Assign group | 33 |
| Item give/drop | 7 |
| Esc | 4 |
| Minimap ping | 3 |



x1)
| Lesser Clarity Potion | 3 | 210 |
| Staff of Sanctuary | 3 | 750 |
| Boots of Speed | 3 | 750 |
| Staff of Teleportation | 3 | 450 |
| Tome of Retraining | 1 | 300 |
| Healing Salve | 2 | 200 |
| Orb of Lightning | 2 | 750 |
| total: | 17 | 3410g |
| Peasant | 12 | 900 | / | 0 |
| Priest | 1 | 135 | / | 10 |
| total: | 13 | 1035g | / | 10w |
| Scout Tower | 96 | 2880 | / | 1920 |
| Arcane Tower | 7 | 490 | / | 350 |
| Guard Tower | 27 | 1890 | / | 1350 |
| Altar of Kings | 1 | 180 | / | 50 |
| Farm | 4 | 320 | / | 80 |
| Lumber Mill | 1 | 120 | / | 0 |
| Town Hall | 1 | 385 | / | 205 |
| Arcane Vault | 5 | 650 | / | 150 |
| Arcane Sanctum | 1 | 150 | / | 140 |
| Keep | 1 | 320 | / | 210 |
| Castle | 1 | 360 | / | 210 |
| total: | 109 | 4685g | / | 2545w |
| 0:01 | Peasant |
| 0:01 | Peasant |
| 0:06 | Altar of Kings |
| 0:17 | Farm |
| 0:24 | Peasant |
| 0:36 | Lumber Mill |
| 0:42 | Peasant |
| 0:45 | Farm |
| 0:47 | Peasant |
| 1:09 | Peasant |
| 1:21 | Scout Tower |
| 1:25 | Scout Tower |
| 1:41 | Scout Tower |
| 1:45 | Scout Tower |
| 1:47 | Peasant |
| 1:47 | Peasant |
| 1:47 | Peasant |
| 1:50 | Peasant |
| 1:51 | Arcane Tower |
| 1:53 | Arcane Tower |
| 1:59 | Peasant |
| 2:02 | Scout Tower |
| 2:10 | Summon Water Elemental |
| 2:16 | Guard Tower |
| 2:17 | Scout Tower |
| 2:19 | Scout Tower |
| 2:24 | Guard Tower |
| 2:26 | Scout Tower |
| 2:37 | Peasant |
| 2:41 | Guard Tower |
| 2:55 | Guard Tower |
| 2:57 | Scout Tower |
| 2:58 | Guard Tower |
| 2:59 | Scout Tower |
| 3:09 | Guard Tower |
| 3:11 | Scout Tower |
| 3:13 | Scout Tower |
| 3:33 | Keep |
| 3:37 | Scout Tower |
| 3:37 | Scout Tower |
| 3:39 | Guard Tower |
| 3:40 | Scout Tower |
| 3:41 | Guard Tower |
| 3:43 | Scout Tower |
| 3:48 | Scout Tower |
| 4:35 | Guard Tower |
| 4:48 | Scout Tower |
| 4:49 | Scout Tower |
| 4:49 | Guard Tower |
| 4:50 | Farm |
| 4:51 | Farm |
| 4:56 | Brilliance Aura |
| 5:14 | Guard Tower |
| 5:16 | Scout Tower |
| 5:21 | Healing Salve |
| 5:27 | Lesser Clarity Potion |
| 5:33 | Scout Tower |
| 5:33 | Scout Tower |
| 5:34 | Scout Tower |
| 5:38 | Scout Tower |
| 6:02 | Guard Tower |
| 6:30 | Castle |
| 6:41 | Guard Tower |
| 6:46 | Scout Tower |
| 6:50 | Scout Tower |
| 6:51 | Scout Tower |
| 6:52 | Scout Tower |
| 6:54 | Guard Tower |
| 7:03 | Arcane Sanctum |
| 7:04 | Improved Masonry |
| 7:05 | Improved Lumber Harvesting |
| 7:20 | Scout Tower |
| 7:21 | Scout Tower |
| 7:21 | Scout Tower |
| 7:22 | Scout Tower |
| 7:22 | Scout Tower |
| 7:23 | Scout Tower |
| 7:23 | Scout Tower |
| 7:29 | Storm Bolt |
| 7:53 | Town Hall |
| 8:01 | Scout Tower |
| 8:02 | Scout Tower |
| 8:03 | Scout Tower |
| 8:19 | Magic Sentry |
| 8:19 | Priest |
| 9:02 | Healing Salve |
| 9:05 | Lesser Clarity Potion |
| 9:05 | Lesser Clarity Potion |
| 9:11 | Guard Tower |
| 9:16 | Scout Tower |
| 9:16 | Scout Tower |
| 9:17 | Scout Tower |
| 9:18 | Scout Tower |
| 9:18 | Scout Tower |
| 9:19 | Scout Tower |
| 9:19 | Scout Tower |
| 9:19 | Scout Tower |
| 9:38 | Guard Tower |
| 9:52 | Summon Water Elemental |
| 10:02 | Arcane Vault |
| 10:03 | Holy Light |
| 10:07 | Arcane Vault |
| 10:11 | Guard Tower |
| 11:41 | Arcane Tower |
| 11:41 | Guard Tower |
| 11:50 | Arcane Vault |
| 11:54 | Arcane Vault |
| 11:55 | Arcane Vault |
| 12:04 | Orb of Lightning |
| 12:10 | Guard Tower |
| 12:13 | Scout Tower |
| 12:14 | Scout Tower |
| 12:26 | Scout Tower |
| 12:27 | Scout Tower |
| 12:28 | Scout Tower |
| 12:47 | Boots of Speed |
| 12:47 | Staff of Teleportation |
| 12:48 | Boots of Speed |
| 14:09 | Divine Shield |
| 14:21 | Staff of Sanctuary |
| 14:30 | Boots of Speed |
| 14:45 | Orb of Lightning |
| 14:52 | Tome of Retraining |
| 14:52 | Retrain Hero |
| 14:54 | Blizzard |
| 14:54 | Brilliance Aura |
| 14:54 | Blizzard |
| 14:56 | Staff of Teleportation |
| 15:01 | Arcane Tower |
| 15:01 | Guard Tower |
| 15:25 | Staff of Teleportation |
| 15:29 | Brilliance Aura |
| 15:49 | Bash |
| 16:06 | Scout Tower |
| 16:07 | Scout Tower |
| 16:14 | Guard Tower |
| 16:53 | Staff of Sanctuary |
| 17:58 | Guard Tower |
| 18:11 | Scout Tower |
| 18:12 | Scout Tower |
| 18:40 | Staff of Sanctuary |
| 19:18 | Guard Tower |
| 19:22 | Advanced Masonry |
| 19:53 | Scout Tower |
| 19:54 | Scout Tower |
| 19:54 | Scout Tower |
| 19:55 | Scout Tower |
| 19:56 | Scout Tower |
| 19:56 | Scout Tower |
| 19:57 | Scout Tower |
| 19:57 | Scout Tower |
| 19:58 | Scout Tower |
| 19:58 | Scout Tower |
| 20:03 | Scout Tower |
| 20:03 | Scout Tower |
| 20:04 | Scout Tower |
| 20:19 | Scout Tower |
| 20:20 | Scout Tower |
| 20:20 | Scout Tower |
| 20:20 | Scout Tower |
| 20:21 | Scout Tower |
| 20:21 | Scout Tower |
| 20:22 | Scout Tower |
| 20:22 | Scout Tower |
| 20:23 | Scout Tower |
| 20:23 | Scout Tower |
| 20:24 | Scout Tower |
| 20:24 | Scout Tower |
| 20:32 | Guard Tower |
| 20:55 | Storm Bolt |
| 21:26 | Guard Tower |
| 21:28 | Scout Tower |
| 21:29 | Scout Tower |
| 21:30 | Scout Tower |
| 21:31 | Scout Tower |
| 21:36 | Arcane Tower |
| 22:01 | Arcane Tower |
| 22:03 | Priest Adept Training |
| 22:04 | Sorceress Adept Training |
| 24:23 | Holy Light |
| 25:55 | Guard Tower |
| 26:26 | Scout Tower |
| 26:27 | Scout Tower |
| 26:27 | Scout Tower |
| 26:28 | Scout Tower |
| 26:29 | Scout Tower |
| 26:32 | Scout Tower |
| 26:33 | Scout Tower |
| 26:33 | Scout Tower |
| 26:34 | Scout Tower |
| 26:35 | Scout Tower |
| 26:36 | Scout Tower |
| 26:36 | Scout Tower |
| 26:46 | Blizzard |
| Right click | 2046 |
| Select | 561 |
| Select group | 354 |
| Build/train/purchase | 301 |
| Chat | 110 |
| Use ability | 89 |
| Assign group | 34 |
| Minimap ping | 28 |
| Misc. action | 8 |
| Item give/drop | 6 |



| Orb of Venom | 1 | 325 |
| Boots of Speed | 3 | 750 |
| Staff of Teleportation | 3 | 450 |
| Circlet of Nobility | 1 | 175 |
| Staff of Sanctuary | 3 | 750 |
| total: | 11 | 2450g |
| Wisp | 24 | 1440 | / | 0 |
| total: | 24 | 1440g | / | 0w |
| Altar of Elders | 1 | 180 | / | 50 |
| Moon Well | 18 | 3240 | / | 720 |
| Ancient of Wonders | 3 | 270 | / | 90 |
| Tree of Life | 1 | 340 | / | 185 |
| Hunter's Hall | 1 | 210 | / | 100 |
| Tree of Ages | 1 | 320 | / | 180 |
| Tree of Eternity | 1 | 330 | / | 200 |
| total: | 24 | 4240g | / | 1145w |
| 0:03 | Wisp |
| 0:03 | Wisp |
| 0:05 | Altar of Elders |
| 0:18 | Moon Well |
| 0:25 | Wisp |
| 0:42 | Moon Well |
| 0:46 | Wisp |
| 0:54 | Wisp |
| 1:01 | Wisp |
| 1:16 | Wisp |
| 1:30 | Wisp |
| 1:31 | Wisp |
| 1:50 | Wisp |
| 2:05 | Shadow Strike |
| 2:13 | Wisp |
| 2:13 | Wisp |
| 2:21 | Wisp |
| 2:22 | Wisp |
| 2:32 | Ancient of Wonders |
| 2:33 | Ancient of Wonders |
| 2:52 | Wisp |
| 2:52 | Wisp |
| 3:15 | Wisp |
| 4:18 | Tree of Life |
| 4:32 | Tree of Ages |
| 4:59 | Blink |
| 6:51 | Ancient of Wonders |
| 6:54 | Wisp |
| 6:54 | Wisp |
| 7:20 | Wisp |
| 7:20 | Wisp |
| 7:21 | Wisp |
| 7:40 | Wisp |
| 7:40 | Wisp |
| 7:56 | Entangling Roots |
| 8:08 | Tree of Eternity |
| 8:52 | Moon Well |
| 8:54 | Moon Well |
| 8:54 | Moon Well |
| 8:55 | Moon Well |
| 9:29 | Moon Well |
| 9:31 | Moon Well |
| 9:31 | Moon Well |
| 9:32 | Moon Well |
| 9:42 | Hunter's Hall |
| 10:09 | Shadow Strike |
| 11:29 | Ultravision |
| 11:29 | Well Spring |
| 11:33 | Orb of Venom |
| 12:02 | Moon Well |
| 12:04 | Moon Well |
| 12:04 | Moon Well |
| 12:05 | Moon Well |
| 12:37 | Boots of Speed |
| 12:38 | Staff of Teleportation |
| 13:08 | Frost Arrows |
| 13:38 | Staff of Sanctuary |
| 16:58 | Boots of Speed |
| 16:58 | Boots of Speed |
| 17:28 | Staff of Teleportation |
| 17:48 | Moon Well |
| 17:49 | Moon Well |
| 17:50 | Moon Well |
| 17:51 | Moon Well |
| 18:28 | Staff of Teleportation |
| 18:29 | Circlet of Nobility |
| 18:56 | Forked Lightning |
| 19:22 | Thorns Aura |
| 20:57 | Blink |
| 21:16 | Staff of Sanctuary |
| 21:21 | Staff of Sanctuary |
| 25:46 | Frost Arrows |
| Right click | 2202 |
| Select | 534 |
| Select group | 429 |
| Misc. action | 213 |
| Use ability | 123 |
| Resource trade | 118 |
| Build/train/purchase | 63 |
| Chat | 38 |
| Assign group | 8 |
| Item give/drop | 5 |
| Minimap ping | 4 |
145 units @ 24k
/ 4.2k
67 buildings @ 9.7k
/ 4.4k


| Healing Salve | 2 | 200 |
| Orb of Lightning | 1 | 375 |
| Circlet of Nobility | 1 | 175 |
| total: | 4 | 750g |
| Peon | 19 | 1425 | / | 0 |
| Grunt | 9 | 1800 | / | 0 |
| Raider | 9 | 1620 | / | 360 |
| Kodo Beast | 2 | 510 | / | 120 |
| Tauren | 5 | 1400 | / | 400 |
| Troll Batrider | 8 | 1280 | / | 320 |
| total: | 52 | 8035g | / | 1200w |
| Watch Tower | 8 | 880 | / | 640 |
| Altar of Storms | 1 | 180 | / | 50 |
| Orc Burrow | 8 | 1280 | / | 320 |
| Barracks | 1 | 180 | / | 50 |
| Voodoo Lounge | 1 | 130 | / | 30 |
| War Mill | 1 | 205 | / | 0 |
| Great Hall | 1 | 385 | / | 185 |
| Beastiary | 1 | 145 | / | 140 |
| Tauren Totem | 1 | 135 | / | 155 |
| Stronghold | 1 | 315 | / | 190 |
| Fortress | 1 | 325 | / | 190 |
| total: | 23 | 3520g | / | 1570w |
| 0:02 | Peon |
| 0:04 | Altar of Storms |
| 0:14 | Orc Burrow |
| 0:17 | Peon |
| 0:18 | Peon |
| 0:36 | Barracks |
| 0:48 | Peon |
| 1:07 | Peon |
| 1:17 | Peon |
| 1:24 | Orc Burrow |
| 1:38 | Grunt |
| 1:55 | Voodoo Lounge |
| 2:00 | Peon |
| 2:07 | Wind Walk |
| 2:21 | Grunt |
| 2:47 | Grunt |
| 2:50 | Stronghold |
| 3:25 | Grunt |
| 3:37 | Healing Salve |
| 3:38 | Healing Salve |
| 3:53 | Grunt |
| 3:58 | Orc Burrow |
| 4:20 | Circlet of Nobility |
| 4:34 | Orc Burrow |
| 5:18 | Beastiary |
| 5:29 | Critical Strike |
| 5:49 | Berserker Strength |
| 5:55 | Orc Burrow |
| 6:14 | Healing Wave |
| 6:44 | Raider |
| 6:45 | Ensnare |
| 7:21 | Fortress |
| 7:47 | War Mill |
| 7:50 | Raider |
| 9:24 | Grunt |
| 9:27 | Kodo Beast |
| 9:31 | Watch Tower |
| 9:42 | Watch Tower |
| 9:58 | War Drums Damage Increase |
| 10:01 | Steel Armor |
| 10:04 | Steel Melee Weapons |
| 10:08 | Tauren Totem |
| 10:12 | Pillage |
| 10:25 | Wind Walk |
| 10:31 | Hex |
| 11:17 | Raider |
| 11:18 | Thorium Melee Weapons |
| 11:20 | Grunt |
| 11:32 | Peon |
| 11:32 | Peon |
| 12:40 | Healing Wave |
| 12:49 | Great Hall |
| 12:53 | Arcanite Melee Weapons |
| 12:57 | Watch Tower |
| 13:20 | Peon |
| 13:26 | Orc Burrow |
| 14:11 | Kodo Beast |
| 14:13 | Pulverize |
| 15:09 | Raider |
| 15:09 | Raider |
| 15:15 | Tauren |
| 15:48 | Peon |
| 15:48 | Peon |
| 15:56 | Peon |
| 16:29 | Thorium Armor |
| 16:32 | Tauren |
| 16:33 | Tauren |
| 16:45 | Raider |
| 16:45 | Raider |
| 17:06 | Watch Tower |
| 17:12 | Watch Tower |
| 17:16 | Watch Tower |
| 17:48 | Troll Batrider |
| 17:48 | Troll Batrider |
| 17:58 | Liquid Fire |
| 19:14 | Troll Batrider |
| 19:14 | Troll Batrider |
| 19:22 | Steel Ranged Weapons |
| 19:59 | Troll Batrider |
| 20:16 | Watch Tower |
| 20:40 | Troll Batrider |
| 20:40 | Troll Batrider |
| 20:59 | Orc Burrow |
| 21:08 | Peon |
| 21:08 | Peon |
| 21:38 | Troll Batrider |
| 21:42 | Arcanite Armor |
| 22:22 | Orc Burrow |
| 22:32 | Peon |
| 22:32 | Peon |
| 22:41 | Hex |
| 22:50 | Orb of Lightning |
| 24:54 | Watch Tower |
| 25:50 | Raider |
| 25:50 | Raider |
| 25:53 | Tauren |
| 25:53 | Tauren |
| 25:54 | Grunt |
| 25:54 | Grunt |
| 26:29 | Peon |
| 26:29 | Peon |
| Right click | 791 |
| Select | 277 |
| Select group | 151 |
| Build/train/purchase | 93 |
| Use ability | 62 |
| Assign group | 43 |
| Misc. action | 42 |
| Minimap ping | 3 |
| Item give/drop | 2 |
| Remove unit | 2 |


| Scroll of Regeneration | 2 | 200 |
| total: | 2 | 200g |
| Peasant | 11 | 825 | / | 0 |
| Footman | 6 | 810 | / | 0 |
| Rifleman | 8 | 1640 | / | 240 |
| Mortar Team | 7 | 1260 | / | 490 |
| Siege Engine | 6 | 1170 | / | 360 |
| total: | 38 | 5705g | / | 1090w |
| Scout Tower | 2 | 60 | / | 40 |
| Arcane Tower | 2 | 140 | / | 100 |
| Altar of Kings | 1 | 180 | / | 50 |
| Farm | 14 | 1120 | / | 280 |
| Barracks | 2 | 320 | / | 120 |
| Arcane Vault | 1 | 130 | / | 30 |
| Blacksmith | 1 | 140 | / | 60 |
| Lumber Mill | 1 | 120 | / | 0 |
| Town Hall | 1 | 385 | / | 205 |
| Workshop | 4 | 560 | / | 560 |
| Keep | 1 | 320 | / | 210 |
| Castle | 1 | 360 | / | 210 |
| total: | 27 | 3015g | / | 1345w |
| 0:03 | Peasant |
| 0:08 | Altar of Kings |
| 0:09 | Peasant |
| 0:21 | Farm |
| 0:26 | Barracks |
| 0:28 | Peasant |
| 0:38 | Peasant |
| 0:50 | Peasant |
| 1:04 | Peasant |
| 1:11 | Farm |
| 1:17 | Peasant |
| 1:30 | Footman |
| 1:39 | Farm |
| 1:44 | Footman |
| 1:52 | Peasant |
| 1:56 | Footman |
| 2:12 | Arcane Vault |
| 2:16 | Summon Water Elemental |
| 2:23 | Footman |
| 3:02 | Footman |
| 3:04 | Farm |
| 3:09 | Blacksmith |
| 3:23 | Brilliance Aura |
| 3:30 | Footman |
| 3:46 | Scroll of Regeneration |
| 3:47 | Scroll of Regeneration |
| 4:21 | Farm |
| 4:25 | Rifleman |
| 4:31 | Scout Tower |
| 4:33 | Scout Tower |
| 5:05 | Rifleman |
| 5:07 | Arcane Tower |
| 5:13 | Barracks |
| 5:19 | Farm |
| 5:37 | Arcane Tower |
| 5:48 | Summon Water Elemental |
| 5:55 | Rifleman |
| 5:55 | Rifleman |
| 5:58 | Black Gunpowder |
| 6:02 | Farm |
| 7:08 | Keep |
| 7:26 | Studded Leather Armor |
| 7:29 | Rifleman |
| 8:06 | Farm |
| 8:09 | Rifleman |
| 9:13 | Farm |
| 9:15 | Farm |
| 9:22 | Lumber Mill |
| 9:31 | Farm |
| 9:41 | Long Rifles |
| 9:51 | Workshop |
| 9:52 | Workshop |
| 9:58 | Workshop |
| 10:05 | Workshop |
| 10:13 | Peasant |
| 10:34 | Improved Lumber Harvesting |
| 11:15 | Farm |
| 11:17 | Reinforced Leather Armor |
| 11:34 | Mortar Team |
| 11:48 | Peasant |
| 11:48 | Peasant |
| 12:02 | Farm |
| 12:14 | Mortar Team |
| 12:34 | Mortar Team |
| 12:58 | Mortar Team |
| 13:14 | Mortar Team |
| 17:08 | Brilliance Aura |
| 17:37 | Mortar Team |
| 17:37 | Mortar Team |
| 17:38 | Castle |
| 17:40 | Refined Gunpowder |
| 20:06 | Barrage |
| 20:11 | Imbued Gunpowder |
| 20:11 | Dragonhide Armor |
| 20:21 | Rifleman |
| 20:28 | Fragmentation Shards |
| 20:39 | Advanced Lumber Harvesting |
| 20:53 | Siege Engine |
| 21:13 | Siege Engine |
| 21:38 | Siege Engine |
| 22:35 | Siege Engine |
| 22:36 | Siege Engine |
| 22:53 | Flame Strike |
| 23:05 | Town Hall |
| 23:46 | Siege Engine |
| 23:54 | Rifleman |
| 24:03 | Farm |
| Right click | 707 |
| Select | 401 |
| Build/train/purchase | 89 |
| Misc. action | 88 |
| Select group | 51 |
| Assign group | 20 |
| Use ability | 5 |
| Minimap ping | 4 |
| Item give/drop | 2 |
| Remove unit | 1 |
| Esc | 1 |


| Wisp | 21 | 1260 | / | 0 |
| Archer | 4 | 520 | / | 40 |
| Huntress | 5 | 975 | / | 100 |
| Glaive Thrower | 6 | 1260 | / | 390 |
| Chimaera | 19 | 6270 | / | 1330 |
| total: | 55 | 10285g | / | 1860w |
| Ancient Protector | 3 | 405 | / | 240 |
| Altar of Elders | 1 | 180 | / | 50 |
| Moon Well | 6 | 1080 | / | 240 |
| Ancient of War | 2 | 300 | / | 120 |
| Hunter's Hall | 1 | 210 | / | 100 |
| Tree of Life | 2 | 680 | / | 370 |
| Chimaera Roost | 2 | 280 | / | 380 |
| Tree of Ages | 2 | 640 | / | 360 |
| Tree of Eternity | 1 | 330 | / | 200 |
| total: | 17 | 3135g | / | 1500w |
| 0:04 | Altar of Elders |
| 0:05 | Wisp |
| 0:05 | Wisp |
| 0:13 | Moon Well |
| 0:20 | Wisp |
| 0:35 | Ancient of War |
| 0:39 | Wisp |
| 0:44 | Wisp |
| 1:08 | Wisp |
| 1:23 | Wisp |
| 1:28 | Moon Well |
| 1:33 | Wisp |
| 1:38 | Archer |
| 1:47 | Wisp |
| 2:05 | Shadow Strike |
| 2:25 | Archer |
| 2:26 | Archer |
| 2:33 | Hunter's Hall |
| 2:54 | Moon Well |
| 3:15 | Archer |
| 4:21 | Huntress |
| 4:23 | Tree of Ages |
| 4:26 | Moon Well |
| 4:33 | Wisp |
| 4:33 | Wisp |
| 4:34 | Wisp |
| 4:41 | Huntress |
| 5:08 | Tree of Ages |
| 5:10 | Huntress |
| 5:59 | Huntress |
| 6:06 | Ancient of War |
| 6:14 | Blink |
| 6:43 | Glaive Thrower |
| 6:46 | Huntress |
| 7:23 | Glaive Thrower |
| 7:51 | Black Arrow |
| 8:13 | Tree of Eternity |
| 8:16 | Moon Glaive |
| 9:26 | Moon Well |
| 9:32 | Moon Well |
| 9:38 | Strength of the Wild |
| 9:40 | Reinforced Hides |
| 10:31 | Ancient Protector |
| 10:38 | Chimaera Roost |
| 11:49 | Chimaera Roost |
| 12:02 | Chimaera |
| 12:33 | Wisp |
| 12:34 | Wisp |
| 13:00 | Chimaera |
| 13:17 | Chimaera |
| 14:24 | Chimaera |
| 14:25 | Chimaera |
| 14:58 | Life Drain |
| 15:35 | Chimaera |
| 15:36 | Chimaera |
| 15:38 | Chimaera |
| 15:39 | Chimaera |
| 16:14 | Improved Reinforced Hides |
| 17:14 | Glaive Thrower |
| 17:28 | Shadow Strike |
| 17:38 | Chimaera |
| 18:24 | Glaive Thrower |
| 20:06 | Tree of Life |
| 20:17 | Chimaera |
| 20:19 | Chimaera |
| 20:34 | Tree of Life |
| 20:37 | Wisp |
| 20:37 | Wisp |
| 21:50 | Glaive Thrower |
| 21:52 | Glaive Thrower |
| 21:55 | Chimaera |
| 22:08 | Ancient Protector |
| 22:21 | Ancient Protector |
| 22:59 | Wisp |
| 22:59 | Wisp |
| 22:59 | Wisp |
| 23:00 | Wisp |
| 23:03 | Wisp |
| 23:23 | Chimaera |
| 24:00 | Chimaera |
| 25:37 | Chimaera |
| 25:38 | Chimaera |
| 26:21 | Chimaera |
| 26:23 | Chimaera |
| Right click | 853 |
| Select | 339 |
| Build/train/purchase | 86 |
| Use ability | 23 |
| Misc. action | 15 |
| Assign group | 14 |
| Chat | 4 |
| Remove unit | 2 |
| Select group | 1 |